Map: Ever Dream LE

Players

Santiago

  • Race: Terran Terran
  • League: Silver
  • Spawn Location: 7:00

antagomiR - Winner!

  • Race: Protoss Protoss
  • League: Gold
  • Spawn Location: 1:00

VOD

Have the link to the VOD?

Description

Time

  • Played on: April 1, 2020, 10:05 p.m.
  • Length: 17:26
Show
View Real Time Build Order
Export as new Build Order

Santiago Terran 

Build Orders:  

Get SALT Encoding   

  12  0:01  SCV  
  13  0:13  SCV  
  14  0:21  Supply Depot  
  14  0:26  SCV  
  15  0:40  Refinery  
  16  0:42  SCV  
  16  0:45  Barracks  
  16  0:55  SCV  
  17  1:07  SCV  
  18  1:19  SCV  
  19  1:33  Reaper  
  19  1:39  Orbital Command  
  20  2:29  Reaper  
  22  2:38  Command Center  
  21  2:48  SCV  
  21  2:51  Supply Depot  
  22  2:52  Refinery  
  22  3:00  SCV  
  23  3:06  Factory  
  23  3:15  SCV  
  24  3:21  Supply Depot  
  24  3:23  Marine  
  25  3:41  Marine  
  25  3:44  Supply Depot  
  26  3:59  Marine  
  27  4:11  Factory Tech Lab  
  27  4:15  Supply Depot  
  27  4:17  Marine  
  27  4:23  SCV  
  30  4:24  SCV, Bunker  
  30  4:33  Siege Tank  
  30  4:35  SCV  
  30  4:36  SCV  
  35  4:45  Barracks Tech Lab  
  35  4:47  SCV  
  35  4:48  SCV  
  37  4:59  SCV  
  38  5:00  SCV  
  39  5:11  SCV  
  39  5:12  SCV  
  41  5:14  Refinery  
  41  5:15  Refinery  
  41  5:23  SCV  
  41  5:24  SCV  
  44  5:35  SCV  
  44  5:36  SCV  
  44  5:40  Siege Tank  
  44  5:41  Marauder  
  50  5:45  Concussive Shells  
  50  5:49  SCV  
  51  6:00  Starport  
  51  6:02  Barracks  
  51  6:03  Marauder  
  53  6:18  Siege Tank  
  53  6:25  Marauder  
  58  6:27  SCV  
  59  6:39  SCV  
  60  6:42  Starport Reactor  
  60  6:45  Factory  
  60  6:47  Marauder  
  62  6:50  Siege Tank  
  62  6:51  SCV  
  62  6:52  Engineering Bay  
  62  6:53  SCV  
  67  7:00  Barracks Reactor  
  67  7:02  Stimpack  
  67  7:03  SCV  
  67  7:05  SCV  
  69  7:14  Marauder  
  69  7:15  SCV  
  72  7:17  SCV  
  73  7:23  Armory  
  73  7:26  Missile Turret  
  73  7:27  SCV  
  73  7:28  Terran Infantry Weapons Level 1  
  73  7:29  SCV  
  75  7:36  Marauder, Marine  
  78  7:42  SCV, Marine  
  80  7:47  Supply Depot  
  80  7:48  Missile Turret  
  80  7:54  Marine  
  80  7:55  Command Center  
  81  8:01  Engineering Bay  
  81  8:08  Medivac x2  
  81  8:11  Supply Depot  
  85  8:20  Armory  
  85  8:22  Terran Vehicle Weapons Level 1  
  85  8:25  Smart Servos  
  85  8:30  Orbital Command  
  85  8:44  Marine, Factory Tech Lab  
  85  8:45  Marine  
  87  8:53  Supply Depot  
  87  8:58  Terran Infantry Armor Level 1  
  87  9:02  Marine  
  87  9:03  Marine  
  87  9:05  Starport  
  87  9:08  Viking x2  
  93  9:17  Supply Depot, Combat Shield  
  93  9:19  Marauder  
  93  9:20  Marine  
  93  9:21  Marine  
  97  9:32  Supply Depot  
  97  9:38  Missile Turret, Marine x2  
  98  9:40  Marauder  
  101  9:46  Starport Reactor  
  101  9:56  Marine x2  
  103  10:02  Refinery  
  103  10:04  Viking  
  103  10:05  Viking  
  107  10:19  Engineering Bay, Marine  
  107  10:20  Marine  
  109  10:26  Supply Depot  
  109  10:28  Supply Depot, Terran Vehicle Weapons Level 2  
  109  10:30  Terran Ship Weapons Level 1  
  109  10:31  Terran Infantry Weapons Level 2  
  109  10:37  Marine x2  
  111  10:55  Marine x2  
  113  11:13  Marine x2  
  66  12:09  Thor  
  75  12:16  Siege Tank  
  75  12:18  Marauder  
  75  12:20  Hi-Sec Auto Tracking  
  77  12:24  Barracks  
  77  12:25  Viking x2  
  81  12:30  Liberator x2  
  87  12:39  Marauder  
  89  12:48  Siege Tank  
  92  13:01  Marauder  
  94  13:23  Siege Tank  
  97  13:36  Marauder  
  99  13:43  Barracks Tech Lab  
  99  13:47  Marine  
  99  13:48  Marine  
  101  13:53  Viking x2  
  101  13:54  Viking x2  
  109  13:58  Marauder  
  109  14:01  Cyclone  
  109  14:02  Cyclone  
  117  14:05  Marine x2  
  117  14:08  Terran Vehicle Weapons Level 3  
  117  14:09  Terran Ship Weapons Level 2  
  119  14:19  SCV, Marauder  
  119  14:20  Command Center  
  119  14:23  Marine x2  
  119  14:24  Terran Infantry Weapons Level 3, Terran Infantry Armor Level 2  
  124  14:28  Medivac x2  
  124  14:29  Medivac x2  
  132  14:31  SCV  
  132  14:33  Cyclone  
  132  14:34  Cyclone  
  132  14:36  Marauder  
  141  14:40  Marauder, Marine  
  141  14:41  Marine  
  145  14:51  Supply Depot  
  145  14:57  Marauder  
  145  14:58  Marine  
  145  14:59  Marine  
  149  15:02  Marauder  
  151  15:14  Supply Depot  
  151  15:16  Marine  
  151  15:17  Marine  
  151  15:18  Marauder  
  155  15:23  Marauder  
  140  15:40  Marauder  
  142  15:45  Marauder  
  144  16:01  Marauder  
  56  16:27  Viking x3  
  56  16:28  Viking  
  64  16:35  SCV  
  64  16:39  Supply Depot  
  63  16:47  SCV  
  63  16:52  Marine  
  63  16:53  Marine  
  66  16:54  Marine x2  
  66  16:59  SCV  
  66  17:01  Supply Depot  
  69  17:12  SCV  
Show
View Real Time Build Order
Export as new Build Order

antagomiR Protoss - Winner!

Build Orders:  

Get SALT Encoding   

  13  0:10  Probe  
  13  0:17  Pylon  
  13  0:22  Probe  
  14  0:34  Probe  
  15  0:38  Gateway  
  15  0:46  Probe  
  16  0:58  Probe  
  16  1:00  Assimilator  
  17  1:08  Assimilator  
  17  1:10  Probe  
  18  1:22  Probe  
  19  1:29  Cybernetics Core  
  19  1:33  Pylon  
  19  1:47  Probe  
  19  1:52  Zealot (Chrono Boost)  
  22  1:59  Probe  
  23  2:11  Probe  
  23  2:15  Stalker (Chrono Boost), Warp Gate (Chrono Boost)  
  25  2:23  Probe  
  26  2:35  Probe, Robotics Facility  
  27  2:47  Probe  
  27  2:49  Sentry  
  30  2:59  Probe  
  30  3:05  Pylon  
  31  3:23  Probe  
  32  3:35  Probe  
  32  3:36  Nexus  
  32  3:37  Pylon, Observer  
  33  3:47  Probe  
  33  4:06  Immortal  
  37  4:16  Probe  
  38  4:17  Shield Battery  
  38  4:28  Probe, Forge  
  39  4:31  Gateway  
  39  4:35  Gateway  
  39  4:40  Probe  
  39  4:44  Observer  
  41  4:52  Probe  
  41  5:04  Probe  
  41  5:06  Probe  
  43  5:07  Immortal (Chrono Boost)  
  43  5:09  Protoss Ground Weapons Level 1 (Chrono Boost)  
  47  5:17  Probe  
  47  5:18  Probe  
  47  5:19  Gateway  
  49  5:29  Probe  
  50  5:36  Assimilator  
  50  5:39  Probe  
  50  5:40  Assimilator  
  50  5:41  Probe  
  52  5:51  Probe  
  52  5:52  Observer  
  52  5:53  Probe  
  55  6:05  Probe (Chrono Boost)  
  55  6:06  Probe (Chrono Boost)  
  57  6:14  Immortal  
  57  6:15  Probe (Chrono Boost)  
  62  6:21  Pylon  
  62  6:24  Pylon  
  62  6:39  Probe  
  64  6:40  Probe, Zealot x2  
  64  6:41  Sentry  
  70  6:52  Probe x2  
  70  6:53  Immortal  
  76  7:04  Probe x2, Pylon  
  76  7:07  Pylon  
  78  7:13  Photon Cannon  
  78  7:14  Twilight Council  
  79  7:22  Probe  
  79  7:29  Pylon  
  79  7:32  Warp Prism  
  79  7:34  Probe  
  79  7:35  Probe  
  79  7:36  Stalker x3  
  79  7:37  Stalker  
  91  7:46  Probe  
  91  7:47  Probe  
  93  7:53  Protoss Ground Weapons Level 2  
  93  7:58  Probe  
  93  8:03  Nexus  
  94  8:05  Pylon  
  94  8:08  Pylon  
  94  8:17  Templar Archives  
  94  8:19  Probe  
  96  8:20  Probe  
  96  8:24  Dark Shrine  
  96  8:26  Immortal  
  100  8:31  Probe  
  101  8:37  Charge (Chrono Boost)  
  101  8:39  Zealot x3  
  101  8:40  Zealot  
  109  8:47  Probe x2  
  111  8:52  Shield Battery  
  111  8:59  Probe  
  112  9:25  Photon Cannon  
  112  9:27  Forge  
  112  9:30  Zealot x3  
  118  9:33  Photon Cannon  
  118  9:35  Shield Battery  
  118  9:36  High Templar  
  120  9:40  Probe x3  
  123  9:47  Assimilator  
  123  9:50  Assimilator  
  123  9:52  Probe x3  
  126  10:04  Probe x2  
  128  10:09  Stalker x2  
  132  10:25  Pylon, Protoss Ground Weapons Level 3 (Chrono Boost)  
  132  10:27  Pylon  
  132  10:30  Gateway  
  132  10:34  Gateway, Protoss Ground Armor Level 1 (Chrono Boost)  
  132  10:49  High Templar x2  
  136  10:50  High Templar x2  
  136  10:53  Archon  
  136  10:54  Archon  
  140  11:01  Pylon  
  140  11:03  Pylon  
  140  11:06  Stargate  
  140  11:11  Stargate  
  140  11:16  Stargate  
  134  11:36  Zealot x4  
  134  11:37  Zealot x2  
  144  11:44  Probe x3  
  147  11:56  Probe  
  147  11:57  Void Ray x2  
  156  12:09  Probe  
  156  12:10  Probe  
  158  12:16  High Templar x2  
  158  12:17  High Templar  
  164  12:26  Pylon  
  164  12:28  Pylon  
  164  12:31  Archon  
  164  12:34  Pylon  
  164  12:36  Pylon  
  164  12:44  Void Ray x2  
  172  13:05  Nexus  
  172  13:08  Pylon  
  172  13:11  Pylon, High Templar x2  
  172  13:12  High Templar x4  
  184  13:14  Void Ray  
  188  13:27  Void Ray (Chrono Boost)  
  188  13:28  Void Ray (Chrono Boost)  
  188  13:32  Photon Cannon  
  196  13:36  Photon Cannon  
  196  13:37  Photon Cannon  
  196  13:39  Photon Cannon  
  196  13:43  Assimilator  
  196  13:48  Assimilator  
  196  13:52  Shield Battery  
  196  13:54  Void Ray (Chrono Boost), Archon  
  196  13:55  Archon x2  
  200  15:20  Pylon  
  200  15:27  Pylon  
  179  15:50  High Templar x2  
  179  15:51  High Templar x4  
  132  16:21  Void Ray x3  
  144  16:28  Zealot  
  144  16:29  Zealot, High Templar  
  144  16:30  High Templar x3  
  156  16:44  Archon  
  156  16:45  Archon  
Tags
 
Matchup
PvT
Replay Pack
20200422
Spawn Locations
Cross Positions
Add a new tag
Caveats
  • Supply blocks, unpowered buildings, or Contaminate may cause inaccurate times.
  • Supply counts are checked every 10 seconds.